 Dungeon Crawl Stone Soup version 0.32-a0-128-g77eb882913 (webtiles) character file.

Game seed: 11335937503378728598

7 Essalna the Digger (level 2, -1/15 HPs)
             Began as a Gargoyle Earth Elementalist on Feb 8, 2024.
             Slain by a hobgoblin
             ... wielding a +0 hand axe
              (5 damage)
             ... on level 1 of the Dungeon.
             The game lasted 00:00:26 (179 turns).

Essalna the Digger (Gargoyle Earth Elementalist)     Turns: 179, Time: 00:00:27

Health: -1/15      AC:  8    Str: 11    XL:     2   Next: 0%
Magic:  0/5        EV: 11    Int: 15    God:
Gold:   13         SH:  0    Dex: 10    Spells: 4/5 levels left

rFire   . . .        c - +0 dagger
rCold   . . .        (no shield)
rNeg    + . .        a - +0 robe
rPois   ∞            (no helmet)
rElec   +            (no cloak)
rCorr   .            (no gloves)
SInv    .            (no boots)
Will    .....        (no amulet)
Stlth   ++           e - +4 ring of protection
HPRegen 0.22/turn    (no ring)
MPRegen 0.09/turn

%: no passive effects
@: no status effects
A: sickness immunity, AC +2, negative energy resistance 1, electricity
resistance, torment resistance 1, petrification resistance
a: no special abilities


You were on level 1 of the Dungeon.
You visited 1 branch of the dungeon, and saw 1 of its levels.

You collected 13 gold pieces.

Inventory:

Hand Weapons
 c - a +0 dagger (weapon)
Armour
 a - a +0 robe (worn)
Jewellery
 e - a +4 ring of protection (left hand)
Scrolls
 d - a scroll of identify {unknown}
Potions
 b - a potion of magic
 f - a potion of berserk rage {unknown}


   Skills:
 - Level 1.5 Dodging
 - Level 2.1 Stealth
 + Level 2.1 Spellcasting
 + Level 1.5 Conjurations
 + Level 3.8 Earth Magic


You had 4 spell levels left.
You knew the following spells:

 Your Spells              Type           Power      Damage    Failure   Level
a - Sandblast             Erth           26%        2d8       4%          1

Your spell library contained the following spells:

 Spells                   Type           Power      Damage    Failure   Level
 Passwall                 Erth           13%        N/A       14%         3
 Stone Arrow              Conj/Erth      18%        3d8       22%         3
 Brom's Barrelling Bould  Conj/Erth      9%         2d3       58%         4
 Petrify                  Alch/Erth      7%         N/A       69%         4


Dungeon Overview and Level Annotations

Branches:
Dungeon (1/15)

Altars:


Innate Abilities, Weirdness & Mutations

You are immune to sickness and miasma.
Your stone body is resilient. (AC +2)
You are immune to poison.
You resist negative energy. (rN+)
You are resistant to electric shocks. (rElec)
You are resistant to unholy torment.
You are immune to petrification.


Message History

Found a book of Decay.
There is an open door here.
A goblin is nearby!
The goblin shouts!
You miscast Sandblast.
You are very lightly contaminated with residual magic.
Nothing appears to happen.
A hobgoblin comes into view. It is wielding a +0 hand axe.
The blast of sand hits the goblin.
You kill the goblin!
The hobgoblin shouts!
You have reached level 2!
You closely miss the hobgoblin. The hobgoblin completely misses you.
The blast of sand hits the hobgoblin but does no damage.
The hobgoblin barely misses you.
The hobgoblin hits you with a +0 hand axe.
You are too injured to fight recklessly!
You are too injured to fight recklessly!
You barely miss the hobgoblin.
The hobgoblin hits you but does no damage.
Your magical contamination has completely faded away.
You closely miss the hobgoblin.
The hobgoblin hits you with a +0 hand axe.
You hit the hobgoblin but do no damage.
The hobgoblin hits you with a +0 hand axe.
* * * LOW HITPOINT WARNING * * *
You closely miss the hobgoblin.
The hobgoblin hits you with a +0 hand axe.
* * * LOW HITPOINT WARNING * * *
The hobgoblin attacks as it pursues you!
The hobgoblin barely misses you.
Casting: Sandblast (safe; 4% risk of failure)
Confirm with . or Enter, or press ? or * to list all spells.
Aiming: Sandblast (safe; 4% risk of failure)
Press: ? - help, Shift-Dir - straight line, f/p - hobgoblin
Aim: a hobgoblin, wielding a +0 hand axe (82% to hit)
The blast of sand hits the hobgoblin.
The hobgoblin is severely wounded.
The hobgoblin hits you with a +0 hand axe.
You die...

#.......
#......##
+.......
#......###.#
#.........
.. #...)..#
... #...#
#...
#g..#####..:
#@..#.......
#...#...#
#...'...#
..##..#...#
#.##.)#...#
#.##......#
#.##.####.#
#.#..####'##
#.#.#......#


You could see a hobgoblin.

Vanquished Creatures
  A ball python (D:1)
  An endoplasm (D:1)
  2 goblins (D:1)
  A bat (D:1)
  A frilled lizard (D:1)
6 creatures vanquished.

Notes
Turn   | Place    | Note
-------+----------+-------------------------------------------
     0 | D:1      | Essalna the Gargoyle Earth Elementalist began the quest for
                  | the Orb.
     0 | D:1      | Reached XP level 1. HP: 10/10 MP: 3/3
   170 | D:1      | Reached XP level 2. HP: 15/15 MP: 1/5
   179 | D:1      | Slain by a hobgoblin

Illustrated notes

Levels and vault maps discovered:
D:1:      amcnicky_arrival_single_pillar, layout_basic

Action                     || total
---------------------------++-------
  Melee: Dagger            ||     5
   Cast: Sandblast         ||     9
 Armour: Robe              ||     6
  Dodge: Dodged            ||     3

Table legend: (Time is in decaauts)
 A = Elapsed time spent in this place.
 B = Non-inter-level travel time spent in this place.
 C = Inter-level travel time spent in this place.
 D = Time resting spent in this place.
 E = Time spent auto-exploring this place.
 F = Levels seen in this place.
 G = Mean time per level.
                   A        B        C        D        E       F      G
               +--------+--------+--------+--------+--------+-----+--------+
         Total |    182 |    182 |      0 |      0 |    142 |   1 |  182.0 |
       Dungeon |    182 |    182 |      0 |      0 |    142 |   1 |  182.0 |
               +--------+--------+--------+--------+--------+-----+--------+

Top non-repeatable levels by time:
     D:1: 182 daAuts
